 Dungeon Sprint DCSS version 0.30.1-4-g462c640d31 (webtiles) character file.

Game seed: 16848338564366222904

69590 Heoruswealwe the Executioner (level 15, -4/222 HPs)
             Began as a Hill Orc Fighter on Sept 18, 2023.
             Was the Champion of Beogh.
             Killed from afar by an Ice Fiend (22 damage)
             ... with a bolt of cold
             ... in the Dungeon (Sprint V: "Ziggurat Sprint").
             The game lasted 01:00:27 (2879 turns).

Heoruswealwe the Executioner (Hill Orc Fighter)     Turns: 2879, Time: 01:00:28

Health: -4/222     AC: 45    Str: 39    XL:     15   Next: 30%
Magic:  31/31      EV:  4    Int:  6    God:    Beogh [******]
Gold:   0          SH: 32    Dex:  5    Spells: 14/14 levels left

rFire   . . .        a - +16 obsidian axe {drain, demonic, Mesm Drain Fly SInv}
rCold   . . .        d - +18 shield of the Gong {Loud rN+ Will+ rCorr EV-5}
rNeg    + . .        c - +15 Maxwell's patent armour {-Cast -Tele rElec Will+ rCorr}
rPois   +            g - +0 helmet {Int+3}
rElec   +            h - +2 cloak {Will+}
rCorr   +            f - +3 pair of gauntlets of War {Slay+5}
SInv    +            (no boots)
Will    +++++        i - necklace of Bloodlust {Fury *Rage Will++ Int-3 Slay+6} Stlth
                     k - +6 ring of strength
HPRegen 0.57/turn    j - ring "Latuhag" {+Blink rPois Str+6 Dex-5 Stlth-}
MPRegen 0.22/turn

%: no teleportation, no spellcasting, random rage (50%)
@: berserking, flying, mesmerised, studying 3 skills, very quick
A: walk on water, dopey 1, frail 1
a: Renounce Religion, Evoke Blink, Smiting, Recall Orcish Followers, Give Item
to Named Follower, Resurrection


You were in the Dungeon.
You worshipped Beogh.
Beogh was exalted by your worship.
You visited 1 branch

Inventory:

Hand Weapons
 a - the +16 obsidian axe (weapon) {drain, demonic, Mesm Drain Fly SInv}
   (You found it in the Dungeon)

   Mesm:      Its wielder is mesmerised by any visible foes, and it cannot be
   unequipped while any foes are visible.
   SInv:      It lets you see invisible.
   Fly:       It grants you flight.
   Drain:     It drains your maximum health when unequipped.
 b - a +5 hand crossbow
 x - the +8 arc blade {discharge, rElec}
   (You found it in the Dungeon)

   rElec:     It insulates you from electricity.
 y - the +4 consecrated labrys {holy, Valiant Fragile Fly SInv}
   (You found it in the Dungeon)

   Valiant:   It becomes more powerful as more dangerous foes come into view.
   SInv:      It lets you see invisible.
   Fly:       It grants you flight.
   Fragile:   It will be destroyed if unequipped.
 D - the +8 autumn katana {manifold assault}
   (You found it in the Dungeon)
Armour
 c - the +15 Maxwell's patent armour (worn) {-Cast -Tele rElec Will+ rCorr}
   (You found it in the Dungeon)

   rElec:     It insulates you from electricity.
   -Cast:     It prevents spellcasting.
   -Tele:     It prevents most forms of teleportation.
   rCorr:     It protects you from acid and corrosion.
   Will:      It increases your willpower.
 d - the +18 shield of the Gong (worn) {Loud rN+ Will+ rCorr EV-5}
   (You found it in the Dungeon)

   Loud:      It is deafeningly noisy when blocking attacks.
   EV:        It affects your evasion (-5).
   rN:        It protects you from negative energy.
   rCorr:     It protects you from acid and corrosion.
   Will:      It increases your willpower.
 f - the +3 pair of gauntlets of War (worn) {Slay+5}
   (You found it in the Dungeon)

   Slay:      It affects your accuracy & damage with ranged weapons and melee
   (+5).
 g - a +0 helmet of intelligence (worn)
 h - a +2 cloak of willpower (worn)
 n - a +3 tower shield
 B - +5 gold dragon scales
Jewellery
 i - the necklace of Bloodlust (around neck) {Fury *Rage Will++ Int-3 Slay+6}
   (You found it in the Dungeon)

   [amulet of nothing]

   Fury:      It extends the wearer's berserk rage when killing foes.
   Int:       It affects your intelligence (-3).
   Slay:      It affects your accuracy & damage with ranged weapons and melee
   (+6).
   *Rage:     It berserks you when you make melee attacks (+50% chance).
   Will:      It greatly increases your willpower.
 j - the ring "Latuhag" (right hand) {+Blink rPois Str+6 Dex-5 Stlth-}
   (You found it in the Dungeon)

   [ring of strength]

   Str:       It affects your strength (+6).
   Dex:       It affects your dexterity (-5).
   rPois:     It protects you from poison.
   +Blink:    It lets you blink.
   Stlth:     It makes you less stealthy.
 k - a +6 ring of strength (left hand)
 E - the amulet of the Air {Inacc Air Fly rElec RMsl}
   (You found it in the Dungeon)

   [amulet of nothing]

   Inacc:     It reduces the accuracy of your attacks and spells.
   Air:       It enhances your air magic.
   rElec:     It insulates you from electricity.
   Fly:       It grants you flight.
   RMsl:      It protects you from missiles.
Wands
 r - a wand of polymorph (7)
 s - a wand of mindburst (17)
 t - a wand of iceblast (28)
 u - a wand of acid (11)
 w - a wand of digging (11)
 C - a wand of flame (49)
 H - a wand of paralysis (5)
Scrolls
 q - 5 scrolls of identify
 z - 4 scrolls of brand weapon
 A - 4 scrolls of blinking
 J - 4 scrolls of enchant weapon
Potions
 e - 9 potions of curing
 l - 2 potions of invisibility
 m - 4 potions of resistance
 p - 7 potions of heal wounds
 v - 6 potions of haste
 F - 7 potions of might
 G - 3 potions of berserk rage
Miscellaneous
 o - a phantom mirror


   Skills:
 + Level 23.4 Fighting
 + Level 24.9 Axes
 + Level 21.5 Armour
 + Level 21.5 Shields
 + Level 24.8 Invocations


You had 14 spell levels left.
You didn't know any spells.
Your spell library contained the following spells:

 Spells                   Type           Power      Damage    Failure   Level
 Kiss of Death            Conj/Necr      0%         2d5       85%         1
 Shock                    Conj/Air       0%         1d3       85%         1
 Blink                    Tloc           0%         N/A       94%         2
 Cigotuvi's Dreadful Rot  Necr/Pois/Air  0%         N/A       94%         2
 Ensorcelled Hibernation  Hex/Ice        0%         N/A       94%         2
 Lesser Beckoning         Tloc           0%         N/A       94%         2
 Momentum Strike          Conj/Tloc      0%         3d8       94%         2
 Poisonous Vapours        Pois/Air       0%         N/A       94%         2
 Scorch                   Fire           0%         2d5       94%         2
 Call Canine Familiar     Summ           0%         N/A       99%         3
 Confusing Touch          Hex            0%         N/A       99%         3
 Dazzling Flash           Conj/Hex       0%         N/A       99%         3
 Frozen Ramparts          Ice            0%         1d1       99%         3
 Hailstorm                Conj/Ice       0%         3d3       99%         3
 Ignite Poison            Fire/Tmut/Pois 0%         N/A       99%         3
 Mephitic Cloud           Conj/Pois/Air  0%         N/A       99%         3
 Portal Projectile        Hex/Tloc       0%         N/A       99%         3
 Stone Arrow              Conj/Erth      0%         3d7       99%         3
 Teleport Other           Tloc           0%         N/A       99%         3
 Vhi's Electric Charge    Tloc/Air       0%         N/A       99%         3
 Volatile Blastmotes      Fire/Tloc      0%         2d10      99%         3
 Anguish                  Hex/Necr       0%         N/A       100%        4
 Animate Armour           Summ/Erth      0%         N/A       100%        4
 Cause Fear               Hex            0%         N/A       100%        4
 Flame Wave               Conj/Fire      0%         2d4       100%        4
 Fulminant Prism          Conj/Hex       0%         3d5       100%        4
 Ice Form                 Ice/Tmut       0%         N/A       100%        4
 Iskenderun's Mystic Bla  Conj/Tloc      0%         2d3       100%        4
 Leda's Liquefaction      Hex/Erth       0%         N/A       100%        4
 Manifold Assault         Tloc           0%         N/A       100%        4
 Passage of Golubria      Tloc           0%         N/A       100%        4
 Summon Ice Beast         Ice/Summ       0%         N/A       100%        4
 Agony                    Necr           0%         N/A       100%        5
 Freezing Cloud           Conj/Ice/Air   0%         6-21      100%        5
 Lee's Rapid Deconstruct  Erth           0%         3d4*      100%        5
 Metabolic Englaciation   Hex/Ice        0%         N/A       100%        5
 Silence                  Hex/Air        0%         N/A       100%        5
 Summon Forest            Summ/Tloc      0%         N/A       100%        5
 Summon Mana Viper        Hex/Summ       0%         N/A       100%        5
 Conjure Ball Lightning   Conj/Air       0%         3x3d6     100%        6
 Dispersal                Tloc           0%         N/A       100%        6
 Simulacrum               Ice/Necr       0%         N/A       100%        6
 Starburst                Conj/Fire      0%         6d3       100%        6
 Summon Cactus Giant      Summ           0%         N/A       100%        6
 Dragon Form              Tmut           0%         N/A       100%        7
 Enfeeble                 Hex            0%         N/A       100%        7
 Malign Gateway           Summ/Tloc      0%         N/A       100%        7
 Ozocubu's Refrigeration  Ice            0%         4d7       100%        7
 Discord                  Hex            0%         N/A       100%        8
 Disjunction              Tloc           0%         N/A       100%        8
 Lehudib's Crystal Spear  Conj/Erth      0%         10d2      100%        8
 Summon Horrible Things   Summ           0%         N/A       100%        8
 Dragon's Call            Summ           0%         N/A       100%        9
 Polar Vortex             Ice            0%         N/A       100%        9


Dungeon Overview and Level Annotations

Branches:
Dungeon (1/1)

Altars:
Ashenzari
Cheibriados
Dithmenos
Elyvilon
Fedhas
Gozag
Hepliaklqana
Kikubaaqudgha
Makhleb
Nemelex Xobeh
Okawaru
Qazlal
Ru
Sif Muna
Trog
Uskayaw
Vehumet
Wu Jian
Xom
Yredelemnul
Zin
The Shining One
Beogh
Jiyva
Lugonu


Innate Abilities, Weirdness & Mutations

You can walk on water.
You are dopey. (Int -2)
You are frail. (-10% HP)


Message History

Your soul eater hits the rime drake!!
The ice devil is engulfed in a cloud of scalding steam.
The white imp is engulfed in a cloud of scalding steam.
The frost giant points at you and mumbles some strange words.
The bolt of cold hits the bat simulacrum.
The bat simulacrum completely resists.
The bolt of cold hits the frost giant.
The frost giant resists.
The bolt of cold hits you!!
* * * LOW HITPOINT WARNING * * *
The bolt of cold misses your soul eater.
The ice dragon breathes frost at your orc sorcerer.
The blast of cold hits the bat simulacrum.
The bat simulacrum completely resists.
The blast of cold hits your orc sorcerer!!
You closely miss the ice devil.
The ice devil is lightly wounded.
You slice the frost giant!! You drain the frost giant!
You are no longer entranced.
You kill the frost giant!
Beogh accepts your kill.
Beogh blesses Orkrul with healing.
Orkrul looks more experienced.
Visions of slaying the ice devil flood into your mind.
The bat simulacrum hits your smoke demon but does no damage.
The rime drake closely misses your soul eater.
Your smoke demon gestures at the bat simulacrum.
The sticky flame hits the bat simulacrum!
The bat simulacrum melts!
The bat simulacrum vaporises!
Beogh accepts your kill.
You hear a sizzling sound!
You slice the ice devil!!
The ice devil is almost dead.
You carve the rime drake like a ham!!!
You kill the rime drake!
Beogh accepts your kill.
Your soul eater hits the rime drake!
Your soul eater drains the rime drake.
The rime drake dies!
Beogh accepts your kill. The Ice Fiend gestures at you.
The bolt of cold hits you!!
You die...

▓..))[). ▓..[:[)|[|[))[.
▓....... ▓..:|:§[::):)).
▓....... ▓...§§§|/).....
▓....... ▓...§§.§.......
▓.)))).. ▓...§C5WhZh....
▓.))).). ▓...C1DW.15....
▓.)▓.)..
▓.....o4.†......▓.▓.▓...
▓.....3@3.......▓..▓....
▓.....333.......▓.......
▓...............▓......©
▓...▓.......▓...▓▓▓▓▓▓▓▓
▓...............▓.....8©
▓...............▓.....".
▓.......©.......▓...).))
▓▓▓▓▓▓▓▓▓▓▓▓▓▓▓▓▓.......
▓.....))


You could see 2 frost giants, 2 Ice Fiends, an ice dragon (distracted, catching
breath, drained, ally target), 2 polar bears, an ice devil (mesmerising, ally
target), 2 freezing wraiths, 2 white imps, an adder simulacrum, 2 friendly soul
eaters, a friendly sun demon (summoned), a friendly smoke demon (summoned), a
friendly neqoxec (summoned) and the friendly Orkrul the orc sorcerer.

Vanquished Creatures
  A dread lich (D)
  A deep elf blademaster (D)
  3 deep elf master archers (D)
  An Executioner (D)
  2 shadow dragons (D)
  A draconian monk (D)
  3 deep elf sorcerers (D)
  An emperor scorpion (D)
  2 frost giants (D)
  3 stone giants (D)
  A deep elf demonologist (D)
  3 deep elf annihilators (D)
  A spark wasp (D)
  A merfolk javelineer (D)
  7 deep elf high priests (D)
  A yaktaur captain (D)
  10 vault guards (D)
  An ice dragon (D)
  3 dancing weapons (D)
  3 centaur warriors (D)
  3 deep elf knights (D)
  A spriggan berserker (D)
  2 fire crabs (shapeshifter) (D)
  A pharaoh ant (D)
  A sixfirhy (D)
  3 deep elf archers (D)
  3 steelbarb worms (D)
  9 deep elf pyromancers (D)
  3 cyclopes (D)
  6 deep elf zephyrmancers (D)
  A wolf spider (D)
  A manticore (shapeshifter) (D)
  2 ugly things (D)
  A naga mage (D)
  A demonic crawler (D)
  A smoke demon (D)
  2 black mambas (D)
  A torpor snail (D)
  2 cane toads (D)
  A water nymph (shapeshifter) (D)
  A rime drake (D)
  3 yaktaurs (D)
  A rime drake (shapeshifter) (D)
  A freezing wraith (D)
  An ancient zyme (D)
  An ice devil (D)
  A wind drake (D)
  A merfolk (D)
  2 hornets (D)
  A tarantella (shapeshifter) (D)
  2 blink frogs (D)
  A tarantella (D)
  A blink frog (shapeshifter) (D)
  2 jumping spiders (D)
  A water elemental (D)
  A wraith (D)
  An air elemental (D)
  A fire elemental (D)
  3 neqoxecs (D)
  3 water moccasins (D)
  A hell hound (D)
  2 small abominations (D)
  7 centaurs (D)
  3 scorpions (D)
  2 necrophages (D)
  A wight (D)
  2 quasits (D)
  2 iron imps (D)
  An adder (D)
  A shadow imp (D)
  4 white imps (D)
  An ufetubus (D)
  5 ball pythons (D)
  A ball python simulacrum (D)
  3 bat simulacra (D)
159 creatures vanquished.

Vanquished Creatures (collateral kills)
  A stone giant (D)
  2 vault guards (D)
  A spriggan air mage (D)
  A jorogumo (D)
  A centaur warrior (D)
  A boulder beetle (D)
  A cyclops (D)
  An elephant (shapeshifter) (D)
  A smoke demon (D)
  A rime drake (D)
  A tarantella (D)
  A hornet (D)
  A polar bear (shapeshifter) (D)
  A polar bear (D)
  A raiju (D)
  3 jumping spiders (D)
  A wyvern (D)
  A flying skull (D)
  2 water moccasins (D)
  A floating eye (shapeshifter) (D)
  2 phantoms (D)
  A scorpion (D)
  2 crimson imps (D)
  2 adders (D)
  A shadow imp (D)
  An ufetubus (D)
  An adder skeleton (D)
  2 ball pythons (D)
  A bat skeleton (D)
  2 bat zombies (D)
  A ball python zombie (D)
  A bat simulacrum (D)
41 creatures vanquished.

Vanquished Creatures (others)
  2 orc knights (D)
  An orc sorcerer (D)
  3 orc warriors (D)
  4 orc priests (D)
  An orc wizard (D)
  An orc (D)
12 creatures vanquished.

Grand Total: 212 creatures vanquished

Notes
Turn   | Place    | Note
-------+----------+-------------------------------------------
     0 | D        | Heoruswealwe the Hill Orc Fighter began the quest for the
                  | Orb.
     0 | D        | Reached XP level 1. HP: 19/19 MP: 1/1
     0 | D        | Found a shimmering blue altar of Sif Muna.
     0 | D        | Found a sacrificial altar of Ru.
     0 | D        | Found a bloodstained altar of Trog.
     0 | D        | Found a stormy altar of Qazlal.
     0 | D        | Found an iron altar of Okawaru.
     0 | D        | Found a sparkling altar of Nemelex Xobeh.
     0 | D        | Found a blossoming altar of Fedhas.
     0 | D        | Found the +6 Majin-Bo {spellvamp, MP+6 Int+6}
     0 | D        | Found the +27 heavy crossbow "Sniper" {heavy, Acc+∞ SInv}
     0 | D        | Found the +10 dark maul {heavy}
     0 | D        | Found the +15 Maxwell's patent armour {-Cast -Tele rElec
                  | Will+ rCorr}
     0 | D        | Found the +18 shield of the Gong {Loud rN+ Will+ rCorr
                  | EV-5}
     0 | D        | Found the +16 obsidian axe {drain, demonic, Mesm Drain Fly
                  | SInv}
     0 | D        | Found the +7 great mace "Firestarter" {flame, immolate,
                  | rFlCloud rF++}
     0 | D        | Found the +6 shillelagh "Devastator" {shatter}
     0 | D        | Found the +11 plutonium sword {Contam Stlth-}
     0 | D        | Found the +8 lance "Wyrmbane" {slay drac, rPois rF+ rC+
                  | AC+3}
     0 | D        | Found the +9 sword of Zonguldrok {reap}
     0 | D        | Found the +13 scythe of Curses {drain, curses, Drain}
     0 | D        | Found the +9 sword of Power {lifebolt}
     0 | D        | Found the +7 mace of Variability {chaos, chaos arc}
     0 | D        | Found the +11 Singing Sword {sonic wave}
     0 | D        | Found the +8 storm bow {elec, penet}
     2 | D        | Found a transporter.
     2 | D        | Found an ancient bone altar of Kikubaaqudgha.
     2 | D        | Found a viscous altar of Jiyva.
     2 | D        | Found a corrupted altar of Lugonu.
     2 | D        | Found a hazy altar of Hepliaklqana.
     2 | D        | Found a burning altar of Makhleb.
     2 | D        | Found an opulent altar of Gozag.
    51 | D        | Became a worshipper of Beogh the Brigand
   112 | D        | Reached skill level 5 in Fighting
   112 | D        | Reached skill level 5 in Axes
   112 | D        | Reached XP level 2. HP: 29/29 MP: 1/5
   207 | D        | Entered arena 2.
   207 | D        | Noticed an ice beast
   207 | D        | Noticed a brown ugly thing
   207 | D        | Found a transporter.
   209 | D        | an ice beast changed into a troll
   209 | D        | Noticed a troll (shapeshifter)
   209 | D        | a troll changed into a fire crab
   209 | D        | Noticed a fire crab (shapeshifter)
   211 | D        | Killed a brown ugly thing
   212 | D        | Reached XP level 3. HP: 33/41 MP: 5/8
   212 | D        | Reached XP level 4. HP: 40/49 MP: 6/10
   212 | D        | Reached XP level 5. HP: 45/55 MP: 6/11
   212 | D        | Reached XP level 6. HP: 50/62 MP: 6/12
   212 | D        | Killed a fire crab
   213 | D        | Reached skill level 10 in Fighting
   213 | D        | Reached skill level 10 in Axes
   213 | D        | Reached skill level 10 in Invocations
   213 | D        | Reached XP level 7. HP: 44/72 MP: 6/14
   213 | D        | Reached XP level 8. HP: 48/79 MP: 6/15
   307 | D        | Entered arena 3.
   307 | D        | Noticed a flying skull
   307 | D        | Found a transporter.
   310 | D        | Reached * piety under Beogh
   312 | D        | Killed a flying skull
   322 | D        | Entered arena 4.
   322 | D        | Noticed a tarantella
   322 | D        | Noticed a jumping spider
   322 | D        | Found a transporter.
   323 | D        | Reached ** piety under Beogh
   326 | D        | Killed a jumping spider
   327 | D        | Killed a tarantella
   328 | D        | Reached skill level 10 in Armour
   328 | D        | Reached skill level 10 in Shields
   335 | D        | Got the ring "Onidd" {Str+2 SInv}
   367 | D        | Entered arena 5.
   367 | D        | Found a transporter.
   370 | D        | Reached *** piety under Beogh
   378 | D        | Got the Annotations on the Disjunct Discharge
   382 | D        | Entered arena 6.
   382 | D        | Reached **** piety under Beogh
   382 | D        | Found a transporter.
   385 | D        | Reached XP level 9. HP: 89/89 MP: 17/17
   386 | D        | Reached ***** piety under Beogh
   402 | D        | Entered arena 7.
   403 | D        | Found a transporter.
   428 | D        | Entered arena 8.
   429 | D        | Found a transporter.
   430 | D        | Reached ****** piety under Beogh
   455 | D        | Entered arena 9.
   455 | D        | Found the +8 arc blade {discharge, rElec}
   455 | D        | Noticed a wolf spider
   455 | D        | Noticed a tarantella
   456 | D        | Found a transporter.
   459 | D        | Killed a tarantella
   462 | D        | Killed a wolf spider
   466 | D        | Reached XP level 10. HP: 100/100 MP: 19/19
   688 | D        | Entered arena 10.
   688 | D        | Found the +3 pair of gauntlets of War {Slay+5}
   689 | D        | Found a transporter.
   714 | D        | Got the Anthology of Cold and the Jinx
   740 | D        | Entered arena 11.
   740 | D        | Found the +4 consecrated labrys {holy, Valiant Fragile Fly
                  | SInv}
   740 | D        | Noticed a naga mage
   740 | D        | Noticed a black mamba
   741 | D        | Found a transporter.
   743 | D        | Killed a black mamba
   748 | D        | Killed a naga mage
   842 | D        | Entered arena 12.
   842 | D        | Noticed a purple ugly thing
   842 | D        | Noticed a harpy
   842 | D        | Noticed a sea snake
   843 | D        | Noticed an eye of devastation
   843 | D        | Noticed a skyshark
   843 | D        | a redback changed into a cyclops
   843 | D        | Noticed a cyclops (glowing shapeshifter)
   844 | D        | Found a transporter.
   844 | D        | a harpy changed into a rime drake
   845 | D        | a cyclops changed into a komodo dragon
   845 | D        | a sea snake changed into a glowing orange brain
   845 | D        | Noticed a glowing orange brain (glowing shapeshifter)
   845 | D        | a culicivora changed into a fire crab
   845 | D        | Noticed a fire crab (glowing shapeshifter)
   847 | D        | Killed a purple ugly thing
   847 | D        | a glowing orange brain changed into a shining eye
   847 | D        | Noticed a shining eye (glowing shapeshifter)
   849 | D        | Gained mutation: You are dopey. (Int -2) [a shining eye]
   850 | D        | Reached skill level 15 in Axes
   850 | D        | an eye of devastation changed into a glowing shapeshifter
   850 | D        | Noticed a glowing shapeshifter (glowing shapeshifter)
   850 | D        | a komodo dragon changed into a moth of wrath
   850 | D        | Noticed a moth of wrath (glowing shapeshifter)
   850 | D        | a fire crab changed into a blink frog
   851 | D        | a glowing shapeshifter changed into a faun
   851 | D        | Noticed a faun (glowing shapeshifter)
   851 | D        | a shining eye changed into a manticore
   851 | D        | Noticed a manticore (glowing shapeshifter)
   852 | D        | a faun changed into a floating eye
   852 | D        | a moth of wrath changed into a tarantella
   852 | D        | a skyshark changed into a shining eye
   852 | D        | Noticed a shining eye (glowing shapeshifter)
   853 | D        | a floating eye changed into an orb spider
   853 | D        | Noticed an orb spider (glowing shapeshifter)
   853 | D        | a shining eye changed into a redback
   853 | D        | a manticore changed into a faun
   853 | D        | Noticed a faun (glowing shapeshifter)
   854 | D        | a redback changed into a manticore
   854 | D        | Noticed a manticore (glowing shapeshifter)
   854 | D        | a faun changed into a dream sheep
   855 | D        | a dream sheep changed into a water nymph
   855 | D        | Noticed a water nymph (glowing shapeshifter)
   856 | D        | an orb spider changed into a torpor snail
   856 | D        | Noticed a torpor snail (glowing shapeshifter)
   857 | D        | Killed a manticore
   857 | D        | Killed a water nymph
   857 | D        | Gained Gorbash as an ally
   858 | D        | Reached skill level 15 in Invocations
   858 | D        | Reached XP level 11. HP: 111/111 MP: 22/22
   866 | D        | Got Vuhuc's Catalogue of Brumal Concussion
   876 | D        | Got the ring "Latuhag" {+Blink rPois Str+6 Dex-5 Stlth-}
   899 | D        | Entered arena 13.
   899 | D        | Noticed a spriggan berserker
   899 | D        | Noticed a spriggan air mage
   901 | D        | Found a transporter.
   905 | D        | Killed a spriggan air mage
   908 | D        | Reached skill level 15 in Fighting
   914 | D        | Killed a spriggan berserker
   991 | D        | Entered arena 14.
   992 | D        | Noticed a centaur warrior
   992 | D        | Noticed a cyclops
   992 | D        | Noticed a cyclops
   992 | D        | Noticed a centaur warrior
   992 | D        | Noticed a merfolk javelineer
   993 | D        | Noticed a stone giant
   993 | D        | Noticed a cyclops
   993 | D        | Identified the staff of earth "Doqo" {rCorr Dex+6}
   993 | D        | Noticed a centaur warrior
   993 | D        | Noticed a centaur warrior
   993 | D        | Noticed a cyclops
   994 | D        | Found a transporter.
   997 | D        | Killed a cyclops
  1001 | D        | Killed a stone giant
  1002 | D        | Killed a centaur warrior
  1002 | D        | Killed a cyclops
  1005 | D        | Killed a merfolk javelineer
  1006 | D        | Reached skill level 15 in Armour
  1006 | D        | Reached skill level 15 in Shields
  1006 | D        | Reached XP level 12. HP: 31/122 MP: 24/24
  1006 | D        | Killed a centaur warrior
  1007 | D        | Killed a centaur warrior
  1008 | D        | Killed a centaur warrior
  1282 | D        | Entered arena 15.
  1283 | D        | Noticed a deep elf sorcerer
  1283 | D        | Noticed a deep elf master archer
  1283 | D        | Noticed a deep elf high priest
  1283 | D        | Noticed a deep elf annihilator
  1283 | D        | Found the amulet of the Air {Inacc Air Fly rElec RMsl}
  1283 | D        | Noticed a deep elf knight
  1284 | D        | Identified the staff of poison "Ettem" {rPois Will- rCorr
                  | Int+6}
  1284 | D        | Noticed a deep elf high priest
  1284 | D        | Identified the ring "Azag" {Ice rN++}
  1284 | D        | Found the +6 lightning scales {swift, rElec}
  1285 | D        | Found a transporter.
  1291 | D        | Noticed a soul eater
  1291 | D        | Killed a deep elf sorcerer
  1293 | D        | Killed a deep elf high priest
  1297 | D        | Your ally Gorbash died
  1309 | D        | Killed a deep elf knight
  1309 | D        | HP: 6/125 [deep elf high priest/a malign offering (9)]
  1313 | D        | Killed a deep elf master archer
  1314 | D        | Killed a deep elf high priest
  1332 | D        | Killed a deep elf annihilator
  1569 | D        | Entered arena 16.
  1570 | D        | Noticed an emperor scorpion
  1570 | D        | Noticed a spark wasp
  1570 | D        | Found the necklace of Bloodlust {Fury *Rage Will++ Int-3
                  | Slay+6}
  1570 | D        | Found the +8 autumn katana {manifold assault}
  1571 | D        | Noticed a boulder beetle
  1571 | D        | Noticed a jorogumo
  1572 | D        | Found a transporter.
  1576 | D        | Gained Ognian as an ally
  1577 | D        | Reached XP level 13. HP: 24/134 MP: 26/26
  1577 | D        | Killed a spark wasp
  1584 | D        | Killed an emperor scorpion
  1587 | D        | Your ally Ognian died
  1873 | D        | Entered arena 17.
  1876 | D        | Noticed a deep elf sorcerer
  1876 | D        | Noticed a deep elf high priest
  1876 | D        | Noticed a deep elf annihilator
  1877 | D        | Noticed a deep elf master archer
  1877 | D        | Noticed a deep elf high priest
  1880 | D        | Found a transporter.
  1888 | D        | Killed a deep elf high priest
  1889 | D        | Killed a deep elf sorcerer
  1890 | D        | Killed a deep elf high priest
  1895 | D        | Killed a deep elf master archer
  1905 | D        | Killed a deep elf annihilator
  2197 | D        | Entered arena 18.
  2204 | D        | Noticed a deep elf high priest
  2204 | D        | Noticed a deep elf blademaster
  2204 | D        | Noticed a deep elf sorcerer
  2204 | D        | Noticed a deep elf high priest
  2204 | D        | Noticed a deep elf high priest
  2205 | D        | Noticed a deep elf annihilator
  2206 | D        | Found a transporter.
  2206 | D        | Identified the +5 plate armour of Daisies {-Tele rElec
                  | Int+6 Slay-3}
  2206 | D        | Noticed a deep elf master archer
  2213 | D        | Killed a deep elf blademaster
  2213 | D        | Killed a deep elf sorcerer
  2214 | D        | Reached XP level 14. HP: 149/149 MP: 28/28
  2216 | D        | Gained Alork as an ally
  2217 | D        | Killed a deep elf annihilator
  2220 | D        | Your ally Alork died
  2224 | D        | Killed a deep elf master archer
  2555 | D        | Got the Grimoire of the Maleficium and the Jaunt
  2567 | D        | Entered arena 19.
  2570 | D        | Noticed a stone giant
  2570 | D        | Noticed a stone giant
  2570 | D        | Noticed a stone giant
  2570 | D        | Noticed a shadow dragon
  2571 | D        | Noticed a shadow dragon
  2572 | D        | Found a transporter.
  2580 | D        | Killed a stone giant
  2580 | D        | Killed a stone giant
  2581 | D        | Killed a stone giant
  2584 | D        | Killed a shadow dragon
  2585 | D        | Killed a shadow dragon
  2689 | D        | Got the Reference Book on the Traveller and the Damned
  2714 | D        | Entered arena 20.
  2720 | D        | Noticed a deep elf demonologist
  2720 | D        | Noticed a green draconian monk
  2720 | D        | Noticed a dread lich
  2721 | D        | Noticed an Executioner
  2722 | D        | Found a transporter.
  2723 | D        | Gained mutation: You are frail. (-10% HP) [a neqoxec]
  2724 | D        | Killed an Executioner
  2733 | D        | Reached XP level 15. HP: 145/145 MP: 30/30
  2733 | D        | Killed a green draconian monk
  2734 | D        | Killed a dread lich
  2822 | D        | Got the ring of Hinin {rElec rC- rN+ AC+4}
  2864 | D        | Entered arena 21.
  2869 | D        | Noticed a frost giant
  2869 | D        | Noticed an Ice Fiend
  2869 | D        | Noticed a frost giant
  2870 | D        | Noticed a frost giant
  2870 | D        | Noticed an Ice Fiend
  2870 | D        | Noticed a frost giant
  2871 | D        | Found the +4 moon troll leather armour {Spirit, Regen++
                  | MP+5}
  2877 | D        | Killed a frost giant
  2878 | D        | Killed a frost giant
  2878 | D        | Gained Orkrul as an ally
  2879 | D        | Killed from afar by an Ice Fiend

Illustrated notes

Levels and vault maps discovered:
D:        sprint_v [room_start, room_1, room_2, room_3, room_4, room_5, room_6,
          room_7, room_8, room_9, room_10, room_11, room_12, room_13, room_14,
          room_15, room_16, room_17, room_18, room_19, room_20, room_21,
          room_22, room_23, room_24, room_25, room_26, room_27]

Skill      XL: |  1  2  3  4  5  6  7  8  9 10 11 12 13 14 15 |
---------------+----------------------------------------------+-----
Fighting       | 5 8 10 11 12 14 16 18 20 22 23 | 23.4
Axes           | 5 8 10 11 13 15 17 19 21 24 | 24.9
Armour         | 4 7 9 10 11 13 15 16 18 20 21 | 21.5
Shields        | 4 7 9 10 11 13 15 16 18 20 21 | 21.5
Invocations    | 4 8 10 11 13 15 17 19 21 23 24 | 24.8

Action                     |  1- 3 |  4- 6 |  7- 9 | 10-12 | 13-15 || total
---------------------------+-------+-------+-------+-------+-------++-------
  Melee: Broad axe         |     3 |     1 |    28 |    90 |    98 ||   220
 Invoke: Give Item to Name |       |       |       |     1 |       ||     1
    Use: Potion            |     1 |       |       |     4 |     4 ||     9
   Stab: Distracted        |       |       |     1 |     1 |     1 ||     3
 Armour: Plate armour      |     1 |       |    13 |    91 |    68 ||   173
  Dodge: Dodged            |       |       |     1 |    12 |    17 ||    30
  Block: Kite shield       |     4 |       |    40 |   181 |   135 ||   360
